 Dungeon Crawl Stone Soup version 0.29.1-2-gbd0b4ee654 (webtiles) character file.

Game seed: 1906496695911966481

31894 kingsuperguy the Basher (level 13, 0/122 HPs)
             Began as a Minotaur Berserker on Nov 29, 2022.
             Was a High Priest of Trog.
             Succumbed to a cane toad's poison
             ... on level 2 of the Lair of Beasts.
             The game lasted 00:26:44 (16001 turns).

kingsuperguy the Basher (Minotaur Berserker)       Turns: 16001, Time: 00:26:44

Health: 0/122      AC: 14    Str: 27    XL:     13   Next: 28%
Magic:  12/12      EV: 16    Int: 10    God:    Trog [*****.]
Gold:   721        SH:  0    Dex: 16    Spells: 12/12 levels left

rFire   . . .      SeeInvis .   b - +2 executioner's axe
rCold   . . .      Faith    .   (shield currently unavailable)
rNeg    . . .      Spirit   .   O - +3 ring mail {rPois}
rPois   +          Reflect  .   (helmet restricted)
rElec   .          Harm     .   q - +0 cloak
rCorr   .          Rampage  .   e - +0 pair of gloves
Will    .....                   a - +0 pair of boots
Stlth   ++++......              (no amulet)
HPRegen 0.30/turn               F - +6 ring of intelligence
MPRegen 0.13/turn               B - +6 ring of dexterity

@: lethally poisoned (0 -> -9), on berserk cooldown, slowed, studying Stealth,
very slow
A: horns 2, retaliatory headbutt
a: Renounce Religion, Berserk, Trog's Hand, Brothers in Arms


You were on level 2 of the Lair of Beasts.
You worshipped Trog.
Trog was extremely pleased with you.
You visited 2 branches of the dungeon, and saw 13 of its levels.

You collected 781 gold pieces.
You spent 60 gold pieces at shops.

Inventory:

Hand Weapons
 b - a +2 executioner's axe (weapon)
 i - a +0 battleaxe
 p - a +2 quarterstaff of chaos
 A - a +2 flail of holy wrath
 H - a +2 flail of protection
 N - a +2 antimagic quarterstaff
 R - a +2 long sword of flaming
 X - a +1 antimagic whip
Missiles
 o - 6 atropa-tipped darts (quivered)
 C - 19 poisoned darts
 M - 3 throwing nets
Armour
 a - a +0 pair of boots (worn)
 e - a +0 pair of gloves (worn)
 q - a +0 cloak (worn)
 t - a +0 scale mail
 w - a +0 plate armour
 O - a +3 ring mail of poison resistance (worn)
Jewellery
 B - a +6 ring of dexterity (right hand)
 F - a +6 ring of intelligence (left hand)
Wands
 k - a wand of mindburst (5)
 l - a wand of iceblast (9)
 x - a wand of flame (22)
 z - a wand of acid (5)
 T - a wand of paralysis (7)
Scrolls
 d - 3 scrolls of enchant weapon
 m - a scroll of butterflies {unknown}
 r - 2 scrolls of identify
 v - 2 scrolls of poison
 y - 2 scrolls of fear
 E - 2 scrolls of blinking
 I - a scroll of summoning {unknown}
 K - 3 scrolls of noise
 P - 4 scrolls of teleportation {unknown}
 Q - 2 scrolls of amnesia {unknown}
 W - a scroll of brand weapon {unknown}
 Y - a scroll of silence {unknown}
 Z - 2 scrolls of enchant armour {unknown}
Potions
 c - 2 potions of haste {unknown}
 f - 2 potions of berserk rage {unknown}
 g - 2 potions of attraction {unknown}
 j - 5 potions of curing {unknown}
 s - 2 potions of might
 u - a potion of cancellation {unknown}
 D - a potion of degeneration {unknown}
 G - a potion of invisibility {unknown}
 J - 2 potions of brilliance {unknown}
 L - a potion of magic {unknown}
 S - a potion of lignification {unknown}
 V - a potion of ambrosia {unknown}
Miscellaneous
 U - a piece from Xom's chessboard (15/15)


   Skills:
 + Level 13.3 Fighting
 + Level 7.7(11.8) Axes
 + Level 14.0(14.8) Maces & Flails
 + Level 10.4 Armour
 + Level 9.1 Dodging
 + Level 10.0 Stealth


You had 12 spell levels left.
You didn't know any spells.
Your spell library was empty.

Dungeon Overview and Level Annotations

Branches:
Dungeon (11/15)            Temple (0/1) D:6            Lair (2/5) D:9
    Orc (0/2) D:9
  Swamp: Lair:2-3    Shoals: Lair:2-3     Snake: Lair:2-3    Spider: Lair:2-3

Altars:
Xom

Shops:
D:1 *(*([   D:4 (*[*[   D:8 =   D:9 =

Annotations:
D:11 2 runed translucent doors, PorkyPig's ghost, journeyman DrCj


Innate Abilities, Weirdness & Mutations

You have a pair of horns on your head.
You reflexively headbutt those who attack you in melee.


Message History

You furiously retaliate!
You headbutt the cane toad, but do no damage.
The cane toad closely misses you. You furiously retaliate!
You headbutt the cane toad!
You feel much better. The cane toad closely misses you.
The cane toad stings you.
* * * LOW HITPOINT WARNING * * *
You hit the cane toad.
You kill the cane toad!
Trog accepts your kill.
The cane toad stings you but does no damage.
The cane toad closely misses you.
You closely miss the cane toad. Your headbutt misses the cane toad.
The cane toad is lightly wounded.
The cane toad stings you!
* * * LOW HITPOINT WARNING * * *
The cane toad stings you!
* * * LOW HITPOINT WARNING * * *
You are lethally poisoned!
The cane toad poisons you!
You feel much better.
* * * LOW HITPOINT WARNING * * *
You feel extremely sick. The cane toad stings you.
* * * LOW HITPOINT WARNING * * *
The cane toad stings you.
* * * LOW HITPOINT WARNING * * *
Okay, then.
Blink to where?
Press: ? - help, Dir - move target
Found a purple potion.
As you read the scroll of blinking, it crumbles to dust.
* * * LOW HITPOINT WARNING * * *
You feel very sick.
It was a potion of experience.
You feel more experienced!
Your Fighting skill gained 3 levels and is now at level 13!
Your Dodging skill gained 2 levels and is now at level 9!
You have reached level 13!
You die...

.....Y...........##
#..
.....Y...Y#.######
##. ...YY####Y###
#.. .... #YY#
#####. .## #†##
##P..#. #§#
##...... #.F.#
........ ###.###
.#.P.. #..@# ##..#
#!.## ##.# #.## #.#
... #.# #P. #.. ###
#..P ......# ##P...
#....<.


You could see a cane toad.

Vanquished Creatures
  2 hydras
  3 two-headed ogres
  3 death yaks (Lair:2)
  Urug (Lair:1)
  2 cyclopes (D:11)
  Joseph (D:7)
  2 black mambas (Lair:1)
  4 gargoyles (D:10)
  3 cane toads
  An unseen horror (D:11)
  A hornet (D:10)
  3 blink frogs (Lair:1)
  13 yaks
  3 wyverns
  Grum (D:8)
  A basilisk (Lair:1)
  A steam dragon (D:10)
  Menkaure (D:7)
  Edmund (D:5)
  5 acid dragons
  3 water moccasins
  An ice beast (D:7)
  A sky beast (D:6)
  3 orc warriors
  2 black bears
  7 wolves
  An ogre (D:7)
  3 centaurs (D:6)
  2 phantoms (D:5)
  4 kobold brigands
  3 bullfrogs (Lair:1)
  A gnoll sergeant (D:10)
  3 wights (D:10)
  21 killer bees
  5 electric eels (D:10)
  2 hounds
  Crazy Yiuf (D:3)
  9 orc priests
  2 gnoll boudas
  11 orc wizards
  3 iguanas
  Natasha (thrice) (D:2)
  Robin (D:2)
  14 gnolls
  8 adders
  2 shadow imps
  A white imp (D:7)
  An ufetubus (D:6)
  2 worms
  4 dart slugs
  37 orcs
  2 bats
  10 endoplasms
  3 giant cockroaches
  7 hobgoblins
  8 jackals (D:1)
  2 quokkas
  6 ball pythons
  6 frilled lizards
  9 goblins
  23 kobolds
  9 rats
298 creatures vanquished.

Vanquished Creatures (others)
  A scorpion (D:5)
  A jelly (D:5)
  4 iguanas (D:5)
  An orc wizard (D:9)
  A gnoll (D:5)
  2 adders (D:5)
  A worm (D:5)
  2 orcs (D:5)
  5 fungi (Lair:2)
  55 plants
73 creatures vanquished.

Grand Total: 371 creatures vanquished

Notes
Turn   | Place    | Note
-------+----------+-------------------------------------------
     0 | D:1      | kingsuperguy the Minotaur Berserker began the quest for the
                  | Orb.
     0 | D:1      | Reached XP level 1. HP: 19/19 MP: 0/0
   284 | D:1      | Found a faded altar of an unknown god.
   364 | D:1      | Found Okkitzo's Weapon Emporium.
   383 | D:1      | Found Woduots's Antique Weapon Shoppe.
   393 | D:1      | Reached XP level 2. HP: 18/27 MP: 1/1
   544 | D:1      | Found Qutuddu's Antique Armour Emporium.
   560 | D:1      | Reached XP level 3. HP: 20/34 MP: 2/2
   980 | D:1      | Found Riduogom's Assorted Antiques.
  1000 | D:1      | Found Ubra's General Store.
  1009 | D:1      | Bought a potion of heal wounds for 60 gold pieces
  1539 | D:2      | Noticed Natasha
  1566 | D:2      | Killed Natasha
  1567 | D:2      | Reached XP level 4. HP: 22/41 MP: 3/3
  1801 | D:2      | Noticed Natasha
  1806 | D:2      | Killed Natasha
  1806 | D:2      | Reached ** piety under Trog
  1807 | D:2      | Reached skill level 5 in Axes
  2041 | D:2      | Noticed Robin
  2052 | D:2      | Killed Robin
  2435 | D:2      | Noticed Natasha
  2444 | D:2      | Killed Natasha
  2445 | D:2      | Reached XP level 5. HP: 39/47 MP: 4/4
  3166 | D:3      | Found a runed translucent door.
  3167 | D:3      | Noticed Crazy Yiuf
  3218 | D:3      | Killed Crazy Yiuf
  3219 | D:3      | Reached skill level 5 in Fighting
  3219 | D:3      | Reached skill level 1 in Stealth
  3424 | D:3      | Reached *** piety under Trog
  3732 | D:4      | Found Cetes's General Store.
  3739 | D:4      | Found Wocsual's Weapon Emporium.
  3741 | D:4      | Found Yliduy's Antique Armour Shop.
  3770 | D:4      | Reached XP level 6. HP: 43/56 MP: 5/5
  3894 | D:4      | Found Lyvofrent's General Store.
  4208 | D:4      | Found Dothu's Armour Boutique.
  4605 | D:5      | Entered Level 5 of the Dungeon
  4721 | D:5      | Found a shimmering altar of Xom.
  4925 | D:5      | Noticed Edmund
  4945 | D:5      | Killed Edmund
  4946 | D:5      | Reached skill level 1 in Maces & Flails
  4946 | D:5      | Reached XP level 7. HP: 61/61 MP: 6/6
  5153 | D:5      | Reached skill level 2 in Maces & Flails
  5577 | D:5      | Reached skill level 3 in Maces & Flails
  5838 | D:6      | Reached skill level 5 in Armour
  5957 | D:6      | Found a staircase to the Ecumenical Temple.
  6033 | D:6      | Reached skill level 4 in Maces & Flails
  6238 | D:6      | Reached XP level 8. HP: 70/70 MP: 7/7
  6303 | D:6      | Reached skill level 5 in Maces & Flails
  6869 | D:7      | Reached skill level 6 in Maces & Flails
  6883 | D:7      | Reached **** piety under Trog
  7047 | D:7      | Noticed Joseph
  7064 | D:7      | HP: 3/106 [Joseph/+2 antimagic quarterstaff (15)]
  7066 | D:7      | Killed Joseph
  7067 | D:7      | Reached skill level 7 in Maces & Flails
  7452 | D:7      | Reached XP level 9. HP: 73/78 MP: 8/8
  7500 | D:7      | Reached skill level 8 in Maces & Flails
  7678 | D:7      | Noticed Menkaure
  7682 | D:7      | Killed Menkaure
  8085 | D:7      | Reached skill level 5 in Stealth
  8537 | D:8      | Noticed Grum
  8554 | D:8      | Killed Grum
  8555 | D:8      | Reached skill level 9 in Maces & Flails
  8852 | D:8      | Found Uberr's One-of-a-Kind Rings.
  8995 | D:8      | Reached XP level 10. HP: 44/88 MP: 9/9
  9000 | D:8      | Reached skill level 10 in Maces & Flails
  9473 | D:9      | Reached skill level 5 in Dodging
  9557 | D:9      | Found a staircase to the Orcish Mines.
 10045 | D:9      | Noticed a two-headed ogre
 10056 | D:9      | Killed a two-headed ogre
 10261 | D:9      | Found a staircase to the Lair.
 10394 | D:9      | Found Coemem's Jewellery Shop.
 10437 | D:10     | Entered Level 10 of the Dungeon
 10805 | D:10     | Reached skill level 11 in Maces & Flails
 11455 | D:10     | Reached ***** piety under Trog
 12254 | D:10     | Noticed a gargoyle
 12263 | D:10     | Killed a gargoyle
 12436 | D:10     | Noticed a gargoyle
 12446 | D:10     | Killed a gargoyle
 12447 | D:10     | Reached XP level 11. HP: 58/95 MP: 10/10
 12837 | D:10     | Noticed a two-headed ogre
 12843 | D:10     | Killed a two-headed ogre
 12844 | D:10     | Reached skill level 12 in Maces & Flails
 13579 | D:11     | Noticed a two-headed ogre
 13588 | D:11     | Killed a two-headed ogre
 13933 | D:11     | Noticed a lich
 13933 | D:11     | Noticed PorkyPig's ghost (journeyman DrCj)
 13933 | D:11     | Noticed a skeletal warrior
 13934 | D:11     | Noticed a skeletal warrior
 13935 | D:11     | Noticed a deep troll
 13968 | D:11     | Noticed a five-headed hydra
 13978 | D:11     | Killed a five-headed hydra
 14307 | D:11     | Found a runed translucent door.
 14313 | D:11     | Noticed a glowing orange brain
 14313 | D:11     | a merfolk changed into a glowing orange brain
 14316 | D:11     | Noticed a death drake
 14316 | D:11     | a glowing orange brain changed into a death drake
 14317 | D:11     | Found a runed translucent door.
 14326 | D:11     | Noticed a mana viper
 14498 | D:11     | Noticed a steelbarb worm
 14500 | D:11     | Noticed a necromancer
 14501 | D:11     | Noticed a broodmother
 14506 | D:11     | Noticed an alligator
 14506 | D:11     | a broodmother changed into an alligator
 14509 | D:11     | Noticed a goliath frog
 14509 | D:11     | an alligator changed into a goliath frog
 14597 | Lair:1   | Entered Level 1 of the Lair of Beasts
 14629 | Lair:1   | Noticed a six-headed hydra
 14642 | Lair:1   | Killed a six-headed hydra
 14643 | Lair:1   | Reached skill level 13 in Maces & Flails
 14842 | Lair:1   | Reached skill level 10 in Fighting
 14857 | Lair:1   | Received a gift from Trog
 15231 | Lair:1   | Noticed Urug
 15245 | Lair:1   | Killed Urug
 15246 | Lair:1   | Reached skill level 10 in Armour
 15246 | Lair:1   | Reached XP level 12. HP: 56/107 MP: 11/11
 15958 | Lair:2   | Noticed a death yak
 15962 | Lair:2   | Noticed a death yak
 15963 | Lair:2   | Noticed a death yak
 15982 | Lair:2   | Killed a death yak
 15989 | Lair:2   | Killed a death yak
 15990 | Lair:2   | Reached skill level 10 in Stealth
 15992 | Lair:2   | Killed a death yak
 15993 | Lair:2   | Reached skill level 14 in Maces & Flails
 15998 | Lair:2   | HP: 4/108 [cane toad (11)]
 16001 | Lair:2   | Reached XP level 13. HP: 4/122 MP: 12/12
 16001 | Lair:2   | Succumbed to a cane toad's poison

Illustrated notes

Levels and vault maps discovered:
D:1:      lightli_iron_boxes, layout_loops_corners, serial_shops,
          nicolae_shop_waterfront, nicolae_shop_overgrown_old_shop,
          nicolae_diamond_shop, shop_statue, nicolae_lakefront_shop,
          ebering_ecumenical_altar_rust, roderic_roman_lattice
D:2:      layout_basic, uniq_robin, uniq_natasha
D:3:      layout_basic, palyth_stone_intersect, uniq_crazy_yiuf_cottage
D:4:      minmay_spotlight, layout_basic, serial_shops, shop, shop,
          nicolae_shop_window_shopping, nicolae_square_shop, kennysheep_mini
D:5:      layout_gridville, xom_confusion_cloud, uniq_edmund
D:6:      layout_gridville, minmay_temple_entry_tees, minmay_manual_mares
D:7:      layout_basic, uniq_menkaure, uniq_joseph
D:8:      layout_rooms, serial_glass, glass_columns_a, glass_columns_b,
          glass_columns_a, glass_columns_c, glass_columns_b,
          nicolae_shop_unique_rings, uniq_grum
D:9:      layout_basic, lair_entry_dummy, david_orc_2, serial_shops, shop,
          lemuel_flamethrower_hall
D:10:     cheibrodos_statue_roulette, layout_cave_pools, serial_bayou,
          serial_bayou_pond_e, serial_bayou_crossing, serial_bayou_lagoon_b,
          serial_bayou_lagoon_a, kennysheep_generic_room_14
D:11:     layout_loops_ring, muffindrake_ghost_dual_entry
Lair:1:   layout_cave_shapes, grunt_megastairs_2, lemuel_fruit_tree, uniq_urug
Lair:2:   layout_loops_ring, swamp_mist, nicolae_quartered_pool_impasse

Skill      XL: |  1  2  3  4  5  6  7  8  9 10 11 12 |
---------------+-------------------------------------+-----
Axes           | 4 5 6 7 |  7.7
Fighting       | 4 5 6 7 8 10 13 | 13.3
Stealth        | 1 4 6 8 9 10 | 10.0
Dodging        | 3 4 6 7 9 |  9.1
Armour         | 3 4 5 6 8 9 10 | 10.4
Maces & Flails | 1 4 7 9 11 13 14 | 14.0

Action                   |  1- 3 |  4- 6 |  7- 9 | 10-12 | 13-15 || total
-------------------------+-------+-------+-------+-------+-------++-------
Melee: Hand axe          |    65 |   144 |       |       |       ||   209
       Headbutt          |     8 |    22 |    42 |    92 |       ||   164
       Flail             |       |    24 |   226 |   405 |       ||   655
       Punch             |       |       |     6 |     7 |       ||    13
       Executioner's axe |       |       |       |    25 |       ||    25
Throw: Dart              |       |     1 |       |       |       ||     1
Invok: Berserk           |     1 |     2 |     4 |     2 |       ||     9
  Use: Scroll            |       |       |       |     9 |       ||     9
       Potion            |       |       |       |     4 |       ||     4
 Stab: Sleeping          |     1 |       |     2 |     5 |       ||     8
Armor: Animal skin       |    17 |       |       |       |       ||    17
       Leather armour    |       |    12 |       |       |       ||    12
       Scale mail        |       |    18 |       |       |       ||    18
       Plate armour      |       |    39 |   107 |       |       ||   146
       Ring mail         |       |       |    78 |   194 |       ||   272
Dodge: Dodged            |    45 |    64 |   157 |   266 |       ||   532
